 Dungeon Crawl Stone Soup version 0.29.1-14-g9c671dbff4 (webtiles) character file.

Game seed: 13626967418684672450

12 Heoruswealwe the Caller (level 2, -1/15 HPs)
             Began as a Deep Elf Summoner on Feb 13, 2023.
             Slain by a shadow (8 damage)
             ... created by the darkness of Dithmenos
             ... on level 1 of the Dungeon.
             The game lasted 00:06:51 (413 turns).

Heoruswealwe the Caller (Deep Elf Summoner)          Turns: 413, Time: 00:06:52

Health: -1/15      AC:  2    Str:  5    XL:     2   Next: 20%
Magic:  5/8        EV: 12    Int: 19    God:
Gold:   15         SH:  0    Dex: 15    Spells: 4/7 levels left

rFire   . . .      SeeInvis .   (no weapon)
rCold   . . .      Faith    .   (no shield)
rNeg    . . .      Spirit   .   a - +0 robe
rPois   .          Reflect  .   (no helmet)
rElec   .          Harm     .   (no cloak)
rCorr   .          Rampage  .   (no gloves)
Will    .....                   (no boots)
Stlth   ++........              (no amulet)
HPRegen 0.05/turn               (no ring)
MPRegen 0.11/turn               (no ring)

@: no status effects
A: no striking features
a: no special abilities


You were on level 1 of the Dungeon.
You visited 1 branch of the dungeon, and saw 1 of its levels.

You collected 15 gold pieces.

Inventory:

Hand Weapons
 d - a +0 dagger
 e - a +0 dagger
 f - a +0 club
 g - a +0 war axe
Missiles
 c - 7 stones
Armour
 a - a +0 robe (worn)
Potions
 b - a potion of magic


   Skills:
 + Level 0.0 Fighting
 + Level 0.2 Long Blades
 + Level 2.5 Dodging
 + Level 2.5 Stealth
 * Level 3.0 Spellcasting
 + Level 0.0 Conjurations
 + Level 0.4 Hexes
 * Level 4.4 Summonings
 + Level 0.0 Necromancy
 + Level 0.0 Translocations
 + Level 0.7 Transmutations
 + Level 0.0 Fire Magic
 + Level 0.3 Ice Magic
 + Level 0.0 Air Magic
 + Level 0.3 Earth Magic
 + Level 0.0 Poison Magic
 + Level 0.0 Invocations
 + Level 0.0 Evocations


You had 4 spell levels left.
You knew the following spells:

 Your Spells              Type           Power      Damage    Failure   Level
a - Summon Small Mammal   Summ           76%        N/A       2%          1
b - Call Imp              Summ           19%        N/A       3%          2

Your spell library contained the following spells:

 Spells                   Type           Power      Damage    Failure   Level
 Call Canine Familiar     Summ           19%        N/A       8%          3
 Summon Guardian Golem    Hex/Summ       12%        N/A       17%         3
 Summon Lightning Spire   Summ/Air       11%        N/A       52%         4


Dungeon Overview and Level Annotations

Branches:
Dungeon (1/15)

Altars:
Dithmenos


Message History

Casting: Summon Small Mammal (safe; 2% risk of failure)
Confirm with . or Enter, or press ? or * to list all spells.
The dart slug launches a dart at you. The slug dart hits you.
Casting: Summon Small Mammal (safe; 2% risk of failure)
Confirm with . or Enter, or press ? or * to list all spells.
The dart slug launches a dart at you. The slug dart hits your quokka.
Your quokka dies!
Your quokka's corpse disappears in a puff of smoke!
The dart slug launches a dart at you. The slug dart hits you.
You swap places.
You swap places.
Your quokka bites the dart slug.
The dart slug dies!
You see here a dart slug corpse.
Casting: Summon Small Mammal (safe; 2% risk of failure)
Confirm with . or Enter, or press ? or * to list all spells.
You don't know that spell.
Casting: Summon Small Mammal (safe; 2% risk of failure)
Confirm with . or Enter, or press ? or * to list all spells.
The endoplasm misses your quokka.
Your quokka bites the endoplasm.
The endoplasm hits your quokka but does no damage.
Your quokka disappears in a puff of smoke!
Your rat bites the endoplasm.
The endoplasm dies!
Found 4 gold pieces.
Dithmenos calls forth shadows to punish you. 3 shadows come into view.
Really attack while wielding nothing? [Y]es or [N]o only, please.
Really attack while wielding nothing?
Okay, then.
Casting: Summon Small Mammal (safe; 2% risk of failure)
Confirm with . or Enter, or press ? or * to list all spells.
Your rat misses the shadow.
You swap places.
The shadow hits you!
Ouch! That really hurt!
You die...

# #..$ . #
#.... # #..#.
# ...[
######## #..#
.......# #W.#
######.# #Wr#
# #.# #..# #
#.########r@#
#
#.........W.#
#
####.†......#
# #.########
# #.# # #.#
#########.#
..........#
###########


You could see 3 shadows and 2 friendly rats.

Vanquished Creatures (collateral kills)
  A dart slug (D:1)
  2 endoplasms (D:1)
  A goblin (D:1)
  A hobgoblin (D:1)
  2 ball pythons (D:1)
  A bat (D:1)
  A frilled lizard (D:1)
  2 kobolds (D:1)
11 creatures vanquished.

Notes
Turn   | Place    | Note
-------+----------+-------------------------------------------
     0 | D:1      | Heoruswealwe the Deep Elf Summoner began the quest for the
                  | Orb.
     0 | D:1      | Reached XP level 1. HP: 10/10 MP: 6/6
   272 | D:1      | Found a faded altar of an unknown god.
   315 | D:1      | Reached XP level 2. HP: 15/15 MP: 6/8
   319 | D:1      | Learned a level 2 spell: Call Imp
   321 | D:1      | Prayed at the altar of an unknown god.
   321 | D:1      | Became a worshipper of Dithmenos the Shadowed
   321 | D:1      | Reached * piety under Dithmenos
   322 | D:1      | Fell from the grace of Dithmenos
   412 | D:1      | Noticed a shadow
   412 | D:1      | Noticed a shadow
   412 | D:1      | Noticed a shadow
   413 | D:1      | Slain by a shadow

Illustrated notes

Levels and vault maps discovered:
D:1:      dpeg_arrival_concentric_ovals, layout_loops_ring, serial_shops, shop,
          ebering_ecumenical_altar_abandoned

Action                   || total
-------------------------++-------
 Cast: Summon Small Mamm ||    18
Invok: Renounce Religion ||     1
Armor: Robe              ||     4
Dodge: Dodged            ||    10
